 Dungeon Crawl Stone Soup version 0.10.0-14-ga75c42d character file.

9143 Ragdoll the Basher (level 11, -1/73 HPs)
             Began as a Mummy Warper on Feb 25, 2012.
             Was a High Priest of Okawaru.
             Killed by scroll of immolation (10 damage)
             ... on Level 1 of the Lair of Beasts.
             The game lasted 00:24:25 (11502 turns).

Ragdoll the Basher (Mummy Warper)                  Turns: 11502, Time: 00:24:25

HP  -1/73        AC 23     Str 14      XL: 11   Next: 11%
MP  16/16        EV  8     Int 15      God: Okawaru [*****.]
Gold 651         SH 11     Dex 12      Spells:  2 memorised, 11 levels left

Res.Fire  : . . .   See Invis. : .   a - +4,+6 flail (protect)
Res.Cold  : + . .   Warding    : . . q - +1 scale mail {rF+}
Life Prot.: + + +   Conserve   : .   C - +0 buckler
Res.Acid. : . . .   Res.Corr.  : .   (no helmet)
Res.Poison: +       Clarity    : .   x - +2 elf cloak
Res.Elec. : .       Spirit.Shd : .   (no gloves)
Sust.Abil.: . .     Stasis     : .   (no boots)
Res.Mut.  : .       Ctrl.Telep.: .   (no amulet)
Res.Rott. : +       Levitation : .   v - +1 ring of dexterity
Saprovore : . . .   Ctrl.Flight: .   h - +6 ring of protection

@: somewhat resistant to hostile enchantments, very unstealthy
A: no food or potions, fire vulnerability, restore body, cold resistance 1, life
protection 3, poison resistance, torment resistance, unbreathing
a: Heroism, Finesse, Renounce Religion


You were on level 1 of the Lair of Beasts.
You worshipped Okawaru.
Okawaru was exalted by your worship.
You were not hungry.

You visited 3 branches of the dungeon, and saw 12 of its levels.

You collected 630 gold pieces.
You spent 29 gold pieces at shops.

Inventory:

Hand weapons
 a - a +4,+6 flail of protection (weapon)
 r - a +1,+0 mace
 A - a +0 orcish blowgun
 E - a +2,+3 spiked flail of pain {god gift}
 J - a +2,+0 executioner's axe of distortion
Missiles
 e - 15 +1 darts (quivered)
 f - 10 +0 darts of dispersal
 o - 30 poisoned +0 needles
Armour
 k - a +1 leather armour
 n - a +0 leather armour
 p - a +0 shield
 q - a +1 scale mail of fire resistance (worn)
 w - a +0 orcish plate armour
 x - a +2 elven cloak (worn)
 z - a +0 shield
 B - a +2 cloak
 C - a +0 buckler (worn)
Magical devices
 m - a wand of magic darts (11)
 s - a wand of heal wounds (3)
 t - a wand of frost (0)
 y - a wand of confusion (6)
 F - a wand of fire (4)
 H - a wand of fire (9)
Scrolls
 d - 6 scrolls of remove curse
 g - 12 scrolls of identify
 i - 4 scrolls of amnesia
 j - 2 scrolls of teleportation
 l - 3 scrolls of enchant weapon I
 u - 3 scrolls of blinking
 D - a scroll of fog
 G - a scroll of immolation {unknown}
 I - a scroll of enchant armour
Jewellery
 h - a +6 ring of protection (left hand)
 v - a +1 ring of dexterity (right hand)
Books
 c - a book of Spatial Translocations

   Spells                             Type                      Level
   *Apportation                       Translocation                1
   Portal Projectile                  Translocation                2
   *Blink                             Translocation                2
   Shroud of Golubria                 Charms/Translocation         2
   Teleport Other                     Translocation                3
   Passage of Golubria                Translocation                4
   Control Teleport                   Charms/Translocation         4
Magical staves
 b - a +0 rod of destruction [lightning,fireball,iron] (1/10)
   (You found it on level 2 of the Dungeon)


   Skills:
 - Level 2.8 Fighting
 * Level 9.7 Maces & Flails
 - Level 0.7 Throwing
 * Level 7.1 Armour
 - Level 1.5 Dodging
 - Level 6.0 Shields
 - Level 2.0 Spellcasting
 - Level 2.4 Translocations
 - Level 6.1 Evocations


You had 11 spell levels left.
You knew the following spells:

 Your Spells              Type           Power        Failure   Level  Hunger
a - Apportation           Tloc           ##........   41%         1    N/A
b - Blink                 Tloc           N/A          67%         2    N/A

Dungeon Overview and Level Annotations

Branches:
Dungeon (10/27)            Temple (1/1) D:4             Orc (0/4) D:10
   Lair (1/8) D:8

Altars:
Ashenzari
Cheibriados
Elyvilon
Fedhas
Kikubaaqudgha
Makhleb
Nemelex Xobeh
Okawaru
Sif Muna
The Shining One
Trog
Vehumet
Xom
Yredelemnul
Zin

Shops:
D:5: ! D:6: * D:8: % D:10: +


Innate Abilities, Weirdness & Mutations

You do not eat or drink.
Your flesh is vulnerable to fire.
Your flesh is cold resistant.
You are immune to negative energy.
Your system is resistant to poisons.
You are immune to unholy pain and torment.
You can survive without breathing.


Message History

Press: ? - help, Shift-Dir - straight line, f/p - spiny frog
Aim: a spiny frog (severely wounded)
The bolt of fire hits the spiny frog.
You kill the spiny frog!
Okawaru accepts your kill.
You feel like a meek peon again. The komodo dragon bites you!
* * * LOW HITPOINT WARNING * * *
The komodo dragon hisses menacingly.
Read which item? (? for menu, Esc to quit)
As you read the scroll of teleportation, it crumbles to dust.
You feel strangely unstable.
Your surroundings suddenly seem different.
Wield which item (- for none, * to show all)? (? for menu, Esc to quit)
You feel protected!
a - a +4,+6 flail of protection (weapon)
Unknown command.
Read which item? (? for menu, Esc to quit)
The scroll explodes in your hands!
You die...

.#.#### #.#......#
'#.####### ###...#..#.#
.^.##.##.###P#.#......#
........###....#...(#.#
...####..##..#.....#.##
...P###...#..###....##
...###.#.......#.#..#
...# #.....###.#.##.#
...###.#####....M...#
###.##.# #.#..###.#
.......#####.....####
..##f####P#####..#
####........# #..## #
#.....#.## ##.f#
####..#.# #.##
##...#.### #.#
#.###..#.###.#


There were no monsters in sight!

Vanquished Creatures
  2 spiny frogs (Lair:1)
  2 trolls
  A wraith (D:10)
  10 yaks
  4 hippogriffs
  Grum (D:9)
  4 war dogs (D:9)
  Edmund (D:5)
  A necrophage (D:8)
  3 phantoms
  3 ice beasts (D:8)
  A sky beast (D:5)
  5 orc warriors
  5 centaurs
  2 ogres
  2 wargs (D:10)
  A wolf (Lair:1)
  2 water moccasins
  A crocodile (D:10)
  5 giant frogs
  A giant slug (Lair:1)
  A goliath beetle (D:10)
  6 crimson imps
  A quasit (D:10)
  7 hounds
  5 orc priests
  6 orc wizards
  2 scorpions
  8 iguanas
  5 worker ants
  Ijyb (D:6)
  4 jellies
  A goliath beetle zombie (D:5)
  Terence (D:2)
  3 gnolls (D:3)
  7 green rats (Lair:1)
  9 adders
  2 giant centipedes
  5 giant mites
  An adder skeleton (D:8)
  A worm (D:8)
  A giant eyeball (D:7)
  9 giant geckos
  7 oozes
  37 orcs
  16 hobgoblins
  7 quokkas
  3 ball pythons
  19 bats
  10 giant cockroaches
  A giant gecko zombie (D:6)
  5 giant newts
  11 goblins
  2 hobgoblin skeletons
  9 jackals
  18 kobolds
  A kobold skeleton (D:8)
  An orc zombie (D:5)
  A quokka skeleton (D:10)
  10 rats
  7 ballistomycetes (D:9)
  A toadstool (D:8)
309 creatures vanquished.

Vanquished Creatures (others)
  A scorpion (D:10)
  A worker ant (D:9)
  A hobgoblin (D:9)
  A giant gecko (D:9)
  2 giant spores
  A goblin (D:3)
  A kobold (D:1)
  2 toadstools (D:8)
10 creatures vanquished.

Grand Total: 319 creatures vanquished

Notes
Turn   | Place    | Note
--------------------------------------------------------------
     0 | D:1      | Ragdoll, the Mummy Warper, began the quest for the Orb.
     0 | D:1      | Reached XP level 1. HP: 15/15 MP: 1/1
   274 | D:4      | Found a staircase to the Ecumenical Temple.
   281 | Temple   | Entered the Ecumenical Temple
   471 | Temple   | Became a worshipper of Warmaster Okawaru
   927 | D:3      | Reached XP level 2. HP: 21/21 MP: 3/3
  1016 | D:2      | Learned a level 2 spell: Blink
  1185 | D:1      | Acquired Okawaru's first power
  1411 | D:1      | Found a blossoming altar of Fedhas.
  1469 | D:1      | Reached XP level 3. HP: 19/27 MP: 4/4
  1563 | D:1      | Reached skill level 3 in Maces & Flails
  2097 | D:2      | rod?
  2097 | D:2      | rod
  2097 | D:2      | Identified a +0 rod of destruction [lightning,fireball,iron] (10/10) (You found it on level 2 of the Dungeon)
  2098 | D:2      | rod :(
  2441 | D:2      | Reached XP level 4. HP: 33/33 MP: 6/6
  2607 | D:2      | Noticed Terence
  2629 | D:2      | Killed Terence
  3143 | D:3      | Reached skill level 1 in Shields
  3350 | D:3      | Reached skill level 4 in Maces & Flails
  3386 | D:4      | Reached XP level 5. HP: 36/38 MP: 7/7
  3488 | D:4      | Reached skill level 1 in Evocations
  3788 | D:4      | Reached XP level 6. HP: 31/45 MP: 9/9
  3860 | D:4      | fuck
  4054 | D:5      | Entered Level 5 of the Dungeon
  4088 | D:5      | Found Smunoujahu's Distillery.
  4157 | D:5      | Reached skill level 5 in Maces & Flails
  4226 | D:5      | Noticed Edmund
  4395 | D:4      | Reached XP level 7. HP: 30/50 MP: 10/10
  4871 | D:5      | Killed Edmund
  5410 | D:6      | Found Udax's Assorted Antiques.
  5416 | D:6      | Bought a scroll labeled QUGHIL KHAO for 29 gold pieces
  5672 | D:6      | Noticed Ijyb
  5689 | D:6      | Killed Ijyb
  5704 | D:6      | Reached skill level 6 in Maces & Flails
  5704 | D:6      | Reached XP level 8. HP: 54/56 MP: 9/12
  5833 | D:6      | Acquired Okawaru's second power
  6154 | D:6      | Reached skill level 1 in Armour
  6818 | D:7      | Found an iron altar of Okawaru.
  7059 | D:7      | Found a shattered altar of Ashenzari.
  7388 | D:8      | Found Luaquiti's Food Shop.
  7469 | D:8      | Reached XP level 9. HP: 59/62 MP: 13/13
  7902 | D:8      | Reached skill level 7 in Maces & Flails
  7927 | D:8      | Found a burning altar of Makhleb.
  8157 | D:8      | Found a bloodstained altar of Trog.
  8228 | D:8      | Found a staircase to the Lair.
  8540 | D:8      | Received a gift from Okawaru
  8814 | D:9      | Noticed Grum
  8830 | D:9      | Killed Grum
  8838 | D:9      | Reached skill level 5 in Shields
  8838 | D:9      | Reached XP level 10. HP: 30/68 MP: 15/15
  8990 | D:9      | Reached skill level 8 in Maces & Flails
  8998 | D:9      | Reached skill level 5 in Evocations
  9012 | D:9      | Reached skill level 5 in Armour
  9458 | D:10     | Entered Level 10 of the Dungeon
  9622 | D:10     | Found Vax Zya's Book Boutique.
  9831 | D:10     | Reached skill level 9 in Maces & Flails
 10212 | D:10     | Found a staircase to the Orcish Mines.
 10711 | Lair:1   | Entered Level 1 of the Lair of Beasts
 11163 | Lair:1   | Received a gift from Okawaru
 11201 | Lair:1   | Reached XP level 11. HP: 23/73 MP: 16/16
 11476 | Lair:1   | jeeez
 11502 | Lair:1   | Killed by scroll of immolation
